 Dungeon Crawl Stone Soup version 0.23.2-40-g277498a001 (webtiles) character file.

Game seed: 16772765571353922167

116734 Devam the Geomancer (level 16, -6/100 HPs)
             Began as a Gargoyle Earth Elementalist on Aug 28, 2019.
             Was the Champion of Vehumet.
             Mangled by a wolf spider (23 damage)
             ... on level 2 of the Spider Nest.
             The game lasted 02:24:28 (33750 turns).

Devam the Geomancer (Gargoyle Earth Elementalist)  Turns: 33750, Time: 02:24:29

Health: -6/100     AC: 38    Str: 12    XL:     16   Next: 72%
Magic:  18/31      EV: 11    Int: 23    God:    Vehumet [******]
Gold:   2915       SH: 11    Dex: 17    Spells: 1/38 levels left

rFire    + . .     SeeInvis +   i - +11 spear of Eternal Vigilance {venom, rElec}
rCold    . . .     Gourm    .   I - +0 shield
rNeg     + + +     Faith    .   z - +7 scale mail of the Lobster {rN++ MR+ rCorr}
rPois    ∞         Spirit   .   B - +1 helmet {SInv}
rElec    +         Reflect  .   j - +2 cloak
rCorr    +         Harm     .   c - +1 pair of gloves
MR       ++...                  W - +0 pair of boots
Stlth    +.........             (no amulet)
HPRegen  0.26/turn              X - ring of protection from fire
MPRegen  0.22/turn              J - +5 ring of dexterity

@: no status effects
A: big wings, thin skeletal structure 1, negative energy resistance 1,
electricity resistance, unbreathing, petrification resistance, rot immunity, AC
+12
a: Fly, Renounce Religion


You were on level 2 of the Spider Nest.
You worshipped Vehumet.
Vehumet was exalted by your worship.
You were very hungry.

You visited 5 branches of the dungeon, and saw 27 of its levels.

You collected 2915 gold pieces.

Inventory:

Hand Weapons
 i - the +11 spear of Eternal Vigilance (weapon) {venom, rElec}
   (You found it on level 4 of the Dungeon)

   It poisons the flesh of those it strikes.
   It insulates you from electricity.
 C - a +3 morningstar of freezing
Missiles
 b - 499 stones (quivered)
 K - a throwing net
Armour
 c - a +1 pair of gloves (worn)
 j - a +2 cloak (worn)
 z - the +7 scale mail of the Lobster (worn) {rN++ MR+ rCorr}
   (You found it on level 7 of the Dungeon)

   It greatly protects you from negative energy.
   It affects your resistance to hostile enchantments.
   It provides partial protection from all sources of acid and corrosion.
 B - a +1 helmet of see invisible (worn)
 I - a +0 shield (worn)
 W - a +0 pair of boots (worn)
Jewellery
 J - a +5 ring of dexterity (right hand)
 X - a ring of protection from fire (left hand)
Wands
 s - a wand of random effects (17)
 x - a wand of scattershot (2)
 y - a wand of iceblast (14)
 O - a wand of polymorph (19)
 Q - a wand of flame (23)
 U - a wand of clouds (7)
 V - a wand of acid (28)
Scrolls
 a - a scroll of enchant weapon
 e - a scroll of identify
 n - 6 scrolls of fog
 w - 5 scrolls of teleportation
 D - a scroll of remove curse
 F - 2 scrolls of immolation
 M - a scroll of fear
Potions
 f - 10 potions of curing
 h - 3 potions of haste
 k - 4 potions of might
 m - 3 potions of heal wounds
 o - 6 potions of cancellation
 q - 8 potions of lignification
 r - a potion of ambrosia
 v - 4 potions of brilliance
 A - 2 potions of resistance
 E - 2 potions of magic
 G - a potion of berserk rage
 N - a potion of invisibility
 S - a potion of experience
Comestibles
 d - 34 rations


   Skills:
 - Level 11.1 Fighting
 - Level 2.1 Polearms
 - Level 12.0 Armour
 - Level 5.0 Dodging
 - Level 2.1 Stealth
 - Level 10.0 Shields
 + Level 11.5 Spellcasting
 - Level 10.1 Conjurations
 - Level 5.0 Transmutations
 - Level 10.0 Fire Magic
 - Level 4.5 Ice Magic
 - Level 3.7 Air Magic
 - Level 14.2 Earth Magic


You had one spell level left.
You knew the following spells:

 Your Spells              Type           Power        Failure   Level  Hunger
a - Iron Shot             Conj/Erth      ######....   10%         6    #####..
b - Passwall              Tmut/Erth      ######..     1%          2    None
c - Stone Arrow           Conj/Erth      ######       1%          3    None
e - Lee's Rapid Deconstr  Erth           ######....   1%          5    ####...
f - Fireball              Conj/Fire      ######....   4%          5    ####...
g - Conjure Flame         Conj/Fire      ######..     1%          3    None
h - Freezing Cloud        Conj/Ice/Air   #####.....   67%         6    #####..
i - Orb of Destruction    Conj           ######....   71%         7    #######

Your spell library contained the following spells:

 Spells                   Type           Power        Failure   Level  Hunger
 Flame Tongue             Conj/Fire      #####        1%          1    None
 Sandblast                Erth           ######       1%          1    None
 Confusing Touch          Hex            ##....       32%         1    None
 Throw Flame              Conj/Fire      ######       1%          2    None
 Sticky Flame             Conj/Fire      ######..     1%          4    None
 Inner Flame              Hex/Fire       #####...     3%          3    None
 Petrify                  Tmut/Erth      ######..     6%          4    None
 Conjure Ball Lightning   Conj/Air       #####.....   56%         6    #####..
 Yara's Violent Unravell  Hex/Tmut       ###.......   58%         5    ####...
 Confuse                  Hex            ##......     69%         3    None
 Gell's Gravitas          Tloc           ##........   69%         3    None
 Summon Lightning Spire   Summ/Air       ###.....     83%         4    None
 Metabolic Englaciation   Hex/Ice        ###.......   98%         5    ####...
 Silence                  Hex/Air        ###.......   99%         5    ####...
 Deflect Missiles         Chrm/Air       ###.......   100%        6    #####..
 Tornado                  Air            ####......   100%        9    #######


Dungeon Overview and Level Annotations

Branches:
Dungeon (15/15)            Temple (1/1) D:6            Lair (6/6) D:8
 Shoals (0/4) Lair:3       Spider (3/4) Lair:4        Slime (0/5) Lair:6
    Orc (2/2) D:10            Elf (0/3) Orc:2        Vaults (0/5) D:14
 Depths (0/5) D:15

Altars:
Cheibriados
Dithmenos
Elyvilon
Fedhas
Gozag
Hepliaklqana
Kikubaaqudgha
Okawaru
Qazlal
Ru
Sif Muna
Trog
Uskayaw
Vehumet
Wu Jian
Xom
Yredelemnul
Zin
Jiyva

Shops:
D:5 [   D:6 (   D:10 (?   Orc:1 ?   Orc:2 [(((


Innate Abilities, Weirdness & Mutations

You are resistant to torment.
Your stone body is resilient. (AC +12)
You are immune to poison.
Your large and strong wings let you fly indefinitely.
You resist negative energy. (rN+)
You are resistant to electric shocks. (rElec)
You can survive without breathing.
You are immune to petrification.
You are immune to rotting.
You have a somewhat thin skeletal structure. (Dex +2, Stealth)


Message History

You block the wolf spider's attack. The wolf spider hits you!
The wolf spider barely misses you.
The wolf spider hits you but does no damage.
The wolf spider bites you but does no damage.
Casting: Stone Arrow (safe; 1% risk of failure)
Confirm with . or Enter, or press ? or * to list all spells.
Aiming: Passwall (safe; 1% risk of failure)
Press: ? - help, Dir - move target cursor, p - wolf spider A rock wall.
The wolf spider closely misses you. You block the wolf spider's attack.
The wolf spider hits you but does no damage.
The wolf spider bites you but does no damage.
You begin to meditate on the wall.
You continue meditating on the rock.
You block the wolf spider's attack.
The wolf spider bites you but does no damage.
The wolf spider hits you!
* * * LOW HITPOINT WARNING * * *
The wolf spider bites you but does no damage.
The wolf spider hits you!!
You die...

......##^....#.##..#.^.#
#......#
.........#..####...##.##
##...... ..#......#..#
#..###### ##...(.
...........####..#
#.....
..........####...#
##>.^.
#.≈≈..≈≈...##....# ##..#
≈≈≈≈≈≈#≈≈...#..######
####
.....≈≈..#.)....###.##
.....#≈........s@...<#
......≈≈.............#
.......≈≈....>.......#
........≈#.....##.####
.....)...≈≈≈≈..####
........#≈≈.#≈..#
..≈≈.........≈..#
.≈#≈≈..........##
≈≈###≈...##^..##


You could see a wolf spider (berserk).

Vanquished Creatures
  Jorgrun (D:13)
  Rupert (Lair:4)
  A storm dragon (D:12)
  A frost giant (D:15)
  Aizul (Spider:1)
  An orc warlord (Orc:1)
  An entropy weaver (Spider:1)
  Nessos (Lair:6)
  An ettin (D:12)
  7 hydras
  Erolcha (D:10)
  6 centaur warriors
  Erica (Lair:2)
  A catoblepas (Lair:6)
  5 two-headed ogres
  Urug (Lair:6)
  5 orc high priests (Orc:2)
  An unseen horror (shapeshifter) (D:13)
  2 unseen horrors
  A necromancer (D:14)
  A phantasmal warrior (D:12)
  6 orc knights
  6 ugly things
  5 oklob plants
  7 orb spiders
  5 cyclopes
  An orc sorcerer (Orc:2)
  2 manticores
  12 wolf spiders
  Maurice (D:8)
  5 black mambas
  Psyche (D:8)
  Joseph (D:7)
  2 centaur skeletons
  3 rime drakes
  7 demonic crawlers
  7 komodo dragons
  4 torpor snails
  6 spiny frogs
  A yaktaur (D:15)
  4 kobold demonologists
  A freezing wraith (D:15)
  A tengu conjurer (D:13)
  15 trolls
  12 jumping spiders
  7 polar bears
  Grinder (D:2)
  3 meliai (D:15)
  16 blink frogs
  12 hornets
  5 dream sheep (Lair:6)
  7 slime creatures
  A raiju (shapeshifter) (D:14)
  5 hippogriffs
  11 spriggans (Lair:6)
  3 shadows
  3 wyverns
  4 hogs (D:8)
  38 redbacks
  21 tarantellas
  Eustachio (D:6)
  A human (D:8)
  34 yaks
  A basilisk (D:12)
  A hungry ghost (D:15)
  A steam dragon (D:9)
  Edmund (D:4)
  3 wargs (Orc:1)
  An acid dragon (D:14)
  9 porcupines
  18 water moccasins
  43 orc warriors
  Duvessa (D:4)
  A hornet zombie (D:7)
  4 sky beasts
  8 black bears
  2 ice beasts
  3 phantoms
  25 wolves
  An ogre (shapeshifter) (D:14)
  10 ogres
  3 boggarts (Lair:6)
  16 centaurs
  A necrophage (D:11)
  11 crocodiles
  7 big kobolds
  Blork the orc (D:5)
  11 bullfrogs
  A wyvern zombie (D:11)
  Dowan (D:4)
  5 scorpions
  A wyvern skeleton (D:13)
  15 killer bees
  4 wights (D:7)
  3 electric eels
  2 howler monkeys
  9 crimson imps
  A bullfrog zombie (D:10)
  2 quasits
  6 hounds
  5 jellies
  36 orc priests
  Crazy Yiuf (D:4)
  7 bullfrog skeletons
  Natasha (thrice) (D:2)
  8 iguanas
  19 orc wizards
  13 worker ants
  3 hound zombies
  A hound skeleton (D:7)
  A howler monkey skeleton (D:11)
  10 adders
  12 gnolls
  2 shadow imps
  2 oozes
  An adder skeleton (D:5)
  An adder zombie (D:8)
  A worm (D:3)
  6 dart slugs
  5 leopard geckos
  117 orcs
  3 bats
  6 giant cockroaches
  7 goblins
  5 hobgoblins
  8 jackals
  16 kobolds
  2 quokkas
  2 ball pythons (D:1)
  2 frilled lizards
  A jackal skeleton (D:8)
  A jackal zombie (D:5)
  10 rats
  A fungus (D:4)
880 creatures vanquished.

Vanquished Creatures (collateral kills)
  A hungry ghost (D:8)
  A killer bee (D:8)
  4 orcs (D:8)
6 creatures vanquished.

Vanquished Creatures (others)
  A tengu conjurer (D:13)
  A boggart (Lair:6)
  6 bushes (Lair:6)
  14 fungi
  18 plants
40 creatures vanquished.

Grand Total: 926 creatures vanquished

Notes
Turn   | Place    | Note
-------+----------+-------------------------------------------
     0 | D:1      | Devam the Gargoyle Earth Elementalist began the quest for
                  | the Orb.
     0 | D:1      | Reached XP level 1. HP: 10/10 MP: 3/3
   260 | D:1      | Reached skill level 4 in Earth Magic
   315 | D:1      | Reached XP level 2. HP: 15/15 MP: 5/5
   496 | D:1      | Reached XP level 3. HP: 16/19 MP: 6/6
   508 | D:1      | Reached skill level 5 in Earth Magic
   921 | D:1      | Learned a level 2 spell: Passwall
   925 | D:1      | Learned a level 3 spell: Stone Arrow
  1325 | D:2      | Noticed Natasha
  1488 | D:2      | Killed Natasha
  1488 | D:2      | Reached skill level 1 in Conjurations
  1488 | D:2      | Reached skill level 1 in Transmutations
  1488 | D:2      | Reached XP level 4. HP: 24/24 MP: 4/7
  1531 | D:2      | Noticed Natasha
  1547 | D:2      | Killed Natasha
  1780 | D:2      | Found an ancient bone altar of Kikubaaqudgha.
  1781 | D:2      | Found a bloodstained altar of Trog.
  1785 | D:2      | Found a hide-covered altar of Uskayaw.
  1786 | D:2      | Found a basalt altar of Yredelemnul.
  1792 | D:2      | Found a snail-covered altar of Cheibriados.
  1872 | D:2      | Noticed Natasha
  1878 | D:2      | Killed Natasha
  1878 | D:2      | Reached XP level 5. HP: 8/28 MP: 3/8
  2318 | D:3      | Reached skill level 6 in Earth Magic
  2807 | D:3      | Noticed Grinder
  3347 | D:4      | Noticed Edmund
  3363 | D:3      | Paralysed by Grinder for 7 turns
  3751 | D:4      | Found an iron altar of Okawaru.
  3764 | D:4      | Got a translucent spear
  3765 | D:4      | Identified the +11 spear of Eternal Vigilance {venom,
                  | rElec} (You found it on level 4 of the Dungeon)
  3871 | D:4      | Noticed Duvessa
  4056 | D:4      | Reached XP level 6. HP: 32/32 MP: 9/9
  4429 | D:4      | Killed Edmund
  4429 | D:4      | Reached skill level 7 in Earth Magic
  4593 | D:4      | Found a runed translucent door.
  4594 | D:4      | Noticed Crazy Yiuf
  4604 | D:4      | Killed Crazy Yiuf
  4678 | D:4      | Noticed Dowan
  4683 | D:4      | Killed Duvessa
  4683 | D:4      | Reached XP level 7. HP: 29/36 MP: 3/11
  4702 | D:4      | Killed Dowan
  4702 | D:4      | Reached skill level 8 in Earth Magic
  4764 | D:5      | Entered Level 5 of the Dungeon
  4849 | D:5      | Noticed Blork the orc
  4891 | D:5      | Learned a level 4 spell: Petrify
  5055 | D:5      | Reached skill level 5 in Spellcasting
  5055 | D:5      | Reached XP level 8. HP: 32/41 MP: 9/15
  5411 | D:5      | Got a pair of spiked gloves
  5416 | D:5      | Found Tafa's Armour Boutique.
  5445 | D:5      | Identified the cursed +0 pair of gloves "Iblyu" {rPois rN+
                  | Str-5 Dex+7} (You found it on level 5 of the Dungeon)
  5584 | D:5      | Reached skill level 9 in Earth Magic
  5714 | D:5      | Learned a level 5 spell: Lee's Rapid Deconstruction
  5721 | D:5      | Killed Blork the orc
  5945 | D:6      | Found a stormy altar of Qazlal.
  5987 | D:6      | Found a staircase to the Ecumenical Temple.
  5998 | Temple   | Entered the Ecumenical Temple
  6092 | Temple   | Became a worshipper of Vehumet
  6454 | D:6      | Noticed Eustachio
  6638 | D:2      | Killed Grinder
  6638 | D:2      | Reached skill level 10 in Earth Magic
  6834 | D:6      | Reached skill level 1 in Polearms
  6884 | D:6      | Reached XP level 9. HP: 36/45 MP: 16/16
  7124 | D:6      | Killed Eustachio
  7124 | D:6      | Reached skill level 1 in Fighting
  7124 | D:6      | Reached skill level 5 in Conjurations
  7176 | D:6      | Found Goleff's Weapon Shop.
  7262 | D:7      | Noticed Joseph
  7481 | D:6      | Reached * piety under Vehumet
  7481 | D:6      | Offered knowledge of Freeze by Vehumet.
  7617 | D:7      | Killed Joseph
  7617 | D:7      | Reached skill level 5 in Fighting
  7754 | D:7      | Got an ichor-stained scale mail
  7779 | D:6      | Identified the +7 scale mail of the Lobster {rN++ MR+
                  | rCorr} (You found it on level 7 of the Dungeon)
  7850 | D:7      | Reached skill level 1 in Armour
  8095 | D:7      | Identified the cursed +1 arbalest of Plunder {penet,
                  | *Corrode rElec rF+ SInv}
  8147 | D:7      | Reached skill level 5 in Armour
  8187 | D:7      | Reached XP level 10. HP: 46/59 MP: 12/17
  8508 | D:7      | Found a hazy altar of Hepliaklqana.
  8642 | D:8      | Offered knowledge of Throw Frost by Vehumet.
  8644 | D:8      | Noticed Psyche
  8644 | D:8      | Reached ** piety under Vehumet
  8655 | D:8      | Killed Psyche
  8893 | D:8      | Reached skill level 11 in Earth Magic
  8983 | D:8      | Got a tiger eye-encrusted scale mail
  8996 | D:8      | Identified the +4 scale mail "Hatecze" {MR+} (You found it
                  | on level 8 of the Dungeon)
  9049 | D:8      | Found a staircase to the Lair.
  9126 | D:8      | Offered knowledge of Inner Flame by Vehumet.
  9133 | D:8      | Noticed Maurice
  9162 | D:8      | Killed Maurice
  9361 | D:9      | Reached *** piety under Vehumet
  9477 | D:9      | Reached XP level 11. HP: 47/64 MP: 21/21
  9509 | D:9      | Offered knowledge of Iskenderun's Mystic Blast by Vehumet.
  9530 | D:9      | Reached skill level 12 in Earth Magic
  9977 | D:10     | Entered Level 10 of the Dungeon
 10125 | D:10     | Got a crude ring mail
 10138 | D:10     | Identified the +5 ring mail of the Vestibule of Hell
                  | {Slay+2} (You found it on level 10 of the Dungeon)
 10274 | D:10     | Reached **** piety under Vehumet
 10298 | D:10     | Found a staircase to the Orcish Mines.
 10304 | D:10     | Found Imis's Weapon Shoppe.
 10402 | D:10     | Found Ymiecs's Magic Scroll Boutique.
 10683 | D:10     | Noticed Erolcha
 10687 | D:10     | Killed Erolcha
 10724 | D:11     | Offered knowledge of Fireball by Vehumet.
 10751 | D:10     | Learned a level 5 spell: Fireball
 10832 | D:11     | Noticed a sixfirhy
 11245 | D:11     | Noticed a four-headed hydra
 11254 | D:11     | Killed a four-headed hydra
 11329 | D:11     | Noticed a manticore
 11335 | D:11     | Killed a manticore
 11385 | D:11     | Reached XP level 12. HP: 71/77 MP: 7/24
 11480 | D:11     | Reached skill level 10 in Fighting
 11619 | D:11     | Reached ***** piety under Vehumet
 11628 | D:11     | Reached skill level 1 in Fire Magic
 11662 | D:11     | Offered knowledge of Irradiate by Vehumet.
 11987 | D:12     | Noticed a two-headed ogre
 12282 | Lair:1   | Entered Level 1 of the Lair of Beasts
 13659 | Lair:1   | Learned a level 3 spell: Conjure Flame
 14309 | Lair:2   | Reached skill level 5 in Fire Magic
 14554 | Lair:2   | Got a brightly glowing robe
 14579 | Lair:1   | Identified the cursed +0 robe of the Orcish Mines {rF+ rC+
                  | Str+3 Int-5} (You found it on level 2 of the Lair of
                  | Beasts)
 14755 | Lair:2   | Noticed Erica
 14769 | Lair:2   | Killed Erica
 15901 | Lair:3   | Found a staircase to the Shoals.
 16044 | Lair:3   | Reached skill level 1 in Shields
 16508 | Lair:3   | Reached XP level 13. HP: 73/82 MP: 16/25
 17075 | Lair:4   | Found a hole to the Spider Nest.
 17205 | Lair:4   | Noticed Rupert
 17221 | Lair:4   | Killed Rupert
 17221 | Lair:4   | Reached skill level 5 in Shields
 17873 | Lair:5   | Reached skill level 10 in Armour
 18074 | Lair:5   | Got a heavily runed lapis lazuli ring
 18085 | Lair:5   | Identified the ring of Dithmenos's Favour {*Tele SInv} (You
                  | found it on level 5 of the Lair of Beasts)
 18558 | Lair:6   | Entered Level 6 of the Lair of Beasts
 18609 | Lair:6   | Found a viscous altar of Jiyva.
 18609 | Lair:6   | Found a staircase to the Slime Pits.
 19124 | Lair:6   | Noticed Nessos
 20349 | Lair:6   | Gained mutation: Your large and strong wings let you fly
                  | indefinitely. [Gargoyle growth]
 20349 | Lair:6   | Reached XP level 14. HP: 88/88 MP: 23/26
 20487 | Lair:6   | Got a dazzling great sword
 20652 | Lair:6   | Noticed Urug
 20675 | Lair:6   | Killed Urug
 21136 | Lair:6   | Killed Nessos
 21554 | D:12     | Reached skill level 5 in Transmutations
 22876 | D:12     | Noticed a storm dragon
 22891 | D:12     | Killed a storm dragon
 22891 | D:12     | Reached skill level 10 in Conjurations
 23270 | Orc:1    | Entered Level 1 of the Orcish Mines
 23601 | Orc:1    | Offered knowledge of Bolt of Cold by Vehumet.
 23681 | Orc:1    | Found Puekkol's Magic Scroll Boutique.
 23695 | Orc:1    | Reached skill level 10 in Fire Magic
 24634 | Orc:2    | Entered Level 2 of the Orcish Mines
 24778 | Orc:2    | Reached skill level 10 in Spellcasting
 25042 | Orc:2    | Found a staircase to the Elven Halls.
 25425 | Orc:2    | Noticed an orc warlord
 25693 | Orc:1    | Killed an orc warlord
 26226 | Orc:2    | Reached XP level 15. HP: 78/92 MP: 3/29
 26357 | Orc:2    | Offered knowledge of Spellforged Servitor by Vehumet.
 26514 | Orc:2    | Gained mutation: You have a somewhat thin skeletal
                  | structure. (Dex +2, Stealth) [a neqoxec]
 26784 | Orc:2    | Found Bupegu Nano's Antique Weapon Boutique.
 26787 | Orc:2    | Found Zeuromat's Antique Armour Boutique.
 26788 | Orc:2    | Found Zeqa's Antique Weapon Boutique.
 26789 | Orc:2    | Found Cuzeugaumu's Antique Weapon Shop.
 27170 | D:13     | Noticed Jorgrun
 27178 | D:13     | Killed Jorgrun
 27271 | D:13     | Reached skill level 10 in Shields
 27307 | D:13     | Reached skill level 5 in Dodging
 28005 | D:14     | Found a gate to the Vaults.
 28066 | D:14     | Reached skill level 13 in Earth Magic
 28079 | D:14     | Reached ****** piety under Vehumet
 28093 | D:14     | Offered knowledge of Freezing Cloud by Vehumet.
 28107 | D:13     | Learned a level 6 spell: Freezing Cloud
 28867 | D:14     | Reached skill level 1 in Ice Magic
 28912 | D:15     | Entered Level 15 of the Dungeon
 28936 | D:15     | Reached skill level 1 in Air Magic
 29581 | D:15     | Found a staircase to the Depths.
 29581 | D:15     | Noticed a frost giant
 29598 | D:15     | Killed a frost giant
 29598 | D:15     | Reached XP level 16. HP: 67/98 MP: 4/30
 30045 | Spider:1 | Entered Level 1 of the Spider Nest
 30091 | Spider:1 | Offered knowledge of Orb of Destruction by Vehumet.
 30668 | Spider:1 | Noticed Aizul
 30751 | Spider:1 | Killed Aizul
 30896 | Spider:1 | Learned a level 7 spell: Orb of Destruction
 31670 | Spider:2 | Reached skill level 14 in Earth Magic
 32336 | Spider:2 | Offered knowledge of Iron Shot by Vehumet.
 32627 | Lair:1   | Learned a level 6 spell: Iron Shot
 33750 | Spider:2 | Mangled by a wolf spider

Skill      XL: |  1  2  3  4  5  6  7  8  9 10 11 12 13 14 15 16 |
---------------+-------------------------------------------------+-----
Earth Magic    | 4 5 6 7 8 10 11 12 13 14 | 14.2
Conjurations   | 1 2 3 4 5 6 8 10 | 10.1
Transmutations | 1 2 3 4 5 |  5.0
Spellcasting   | 5 6 8 10 11 | 11.5
Polearms       | 1 2 |  2.1
Fighting       | 5 9 10 11 | 11.1
Armour         | 5 8 10 12 | 12.0
Fire Magic     | 8 10 | 10.0
Shields        | 3 8 9 10 | 10.0
Dodging        | 3 5 |  5.0
Ice Magic      | 2 4 |  4.5
Air Magic      | 2 3 |  3.7
Stealth        | |  2.1

Action                   |  1- 3 |  4- 6 |  7- 9 | 10-12 | 13-15 | 16-18 || total
-------------------------+-------+-------+-------+-------+-------+-------++-------
Melee: Dagger            |   122 |    16 |       |       |       |       ||   138
       Whip              |       |    86 |       |       |       |       ||    86
       Spear             |       |    39 |   205 |   717 |  1165 |   272 ||  2398
 Cast: Sandblast         |    17 |    38 |    24 |    13 |    18 |       ||   110
       Stone Arrow       |       |     4 |    12 |    90 |   275 |    90 ||   471
       Petrify           |       |       |     2 |       |     3 |       ||     5
       Lee's Rapid Decon |       |       |     1 |     8 |    58 |    25 ||    92
       Passwall          |       |       |       |     1 |     1 |     2 ||     4
       Conjure Flame     |       |       |       |       |     8 |       ||     8
       Fireball          |       |       |       |       |    31 |    14 ||    45
       Iron Shot         |       |       |       |       |       |     1 ||     1
 Abil: Fly               |       |       |       |       |       |     1 ||     1
       Stop Flying       |       |       |       |       |       |     1 ||     1
Evoke: Wand              |       |       |       |       |       |     1 ||     1
  Use: Scroll            |       |     8 |     7 |    10 |    13 |     6 ||    44
       Potion            |       |       |       |       |     4 |       ||     4
 Stab: Sleeping          |     1 |     4 |     7 |    11 |     5 |       ||    28
       Distracted        |       |       |     1 |     2 |       |       ||     3
       Petrified         |       |       |     2 |       |     9 |       ||    11
  Eat: Chunk             |     2 |    11 |     9 |    27 |    50 |    12 ||   111
       Ration            |       |       |     1 |     1 |     3 |     2 ||     7
Armor: Robe              |    34 |    49 |    46 |       |       |       ||   129
       Scale mail        |       |       |    37 |   575 |   705 |   356 ||  1673
Dodge: Dodged            |    77 |    90 |    72 |   368 |   396 |   203 ||  1206
Block: Shield            |       |       |       |       |   662 |   279 ||   941
